TOP OF THE 1ST |
Arizona State University Sun Devils batting - Pitching for University of Florida Gators : RHP Jordan Williams
|
Pitching: RHP Jordan Williams
|
|
Batting: LHB Eric Russell
|
0-0: Called Strike 0-1: Fly out, F8 (Flyball, 8RD, EV 109.4 MPH)
|
Batting: RHB Hervé Papin
|
0-0: Ball 1-0: Called Strike 1-1: Ball 2-1: Foul Ball, location: 3FF 2-2: Strikes out swinging
|
Batting: LHB Fabio Interlenghi
|
0-0: Ball 1-0: SINGLE (Groundball, 4MS, EV 60.6 MPH) (infield hit)
|
Batting: LHB Randy Marquez
|
0-0: Ball 1-0: Foul Ball, location: 2F 1-1: Ball 2-1: Swinging Strike 2-2: Foul Ball, location: 23FF 2-2: Foul Ball, location: 3FF 2-2: Foul Ball, location: 9LMF 2-2: Strikes out swinging
|
Top of the 1st over - 0 runs, 1 hit, 0 errors, 1 left on base; Arizona State University 0 - University of Florida 0 |
BOTTOM OF THE 1ST |
University of Florida Gators batting - Pitching for Arizona State University Sun Devils : RHP Jonathan Powell
|
Pitching: RHP Jonathan Powell
|
|
Batting: SHB Pat Justice
|
0-0: Ball 1-0: Called Strike 1-1: Ball 2-1: Ground out 4-3 (Groundball, 4, EV 85.0 MPH)
|
Batting: LHB Roy Davies
|
0-0: Ball 1-0: Swinging Strike 1-1: Foul Ball, location: 7LSF 1-2: Ball 2-2: Ball 3-2: Ground out 4-3 (Groundball, 4MD, EV 95.0 MPH)
|
Batting: RHB Gong-sun Law
|
0-0: Called Strike 0-1: Foul Ball, location: 9LSF 0-2: SINGLE (Groundball, 56S, EV 62.5 MPH) (infield hit)
|
Batting: SHB Nelson Carachure
|
0-0: Called Strike 0-1: Swinging Strike 0-2: Ball 1-2: Foul Ball, location: 3DF 1-2: Foul Ball, location: 7LSF 1-2: Foul Ball, location: 2F 1-2: Fly out, F8 (Line Drive, 8LD, EV 106.9 MPH)
|
Bottom of the 1st over - 0 runs, 1 hit, 0 errors, 1 left on base; Arizona State University 0 - University of Florida 0 |
TOP OF THE 2ND |
Arizona State University Sun Devils batting - Pitching for University of Florida Gators : RHP Jordan Williams
|
Batting: LHB Timon Giorgiou
|
0-0: Ball 1-0: Ball 2-0: Ball 3-0: Called Strike 3-1: Called Strike 3-2: Ground out U3 (Groundball, 3, EV 86.9 MPH)
|
Batting: RHB Rusty Gee
|
0-0: Called Strike 0-1: Swinging Strike 0-2: Strikes out swinging
|
Batting: RHB Carl Evans
|
0-0: Foul Ball, location: 2F 0-1: Ball 1-1: Called Strike 1-2: Strikes out swinging
|
Top of the 2nd over - 0 runs, 0 hits, 0 errors, 0 left on base; Arizona State University 0 - University of Florida 0 |
BOTTOM OF THE 2ND |
University of Florida Gators batting - Pitching for Arizona State University Sun Devils : RHP Jonathan Powell
|
Batting: RHB Jae-won Kwon
|
0-0: Ball 1-0: SINGLE (Groundball, 4MD, EV 108.8 MPH)
|
Batting: RHB Jiao-long Zhào
|
0-0: Sac Bunt to P - play at first, batter OUT! 1-3 Jae-won Kwon to second
|
Batting: RHB Conz Laufenberg
|
0-0: Called Strike 0-1: Fly out, F5 (Line Drive, 5, EV 69.4 MPH)
|
Batting: RHB Juan Lopez
|
0-0: Ground out 2-3 (Groundball, 15S, EV 74.4 MPH)
|
Bottom of the 2nd over - 0 runs, 1 hit, 0 errors, 1 left on base; Arizona State University 0 - University of Florida 0 |
TOP OF THE 3RD |
Arizona State University Sun Devils batting - Pitching for University of Florida Gators : RHP Jordan Williams
|
Batting: RHB John Burgis
|
0-0: Ball 1-0: Foul Ball, location: 2LF 1-1: Ball 2-1: Swinging Strike 2-2: Strikes out looking
|
Batting: LHB Burraga Iukini
|
0-0: Called Strike 0-1: Swinging Strike 0-2: Foul Ball, location: 2F 0-2: Foul Ball, location: 2F 0-2: Ball 1-2: Strikes out swinging
|
Batting: LHB Eric Russell
|
0-0: Called Strike 0-1: Called Strike 0-2: Ball 1-2: Strikes out looking
|
Top of the 3rd over - 0 runs, 0 hits, 0 errors, 0 left on base; Arizona State University 0 - University of Florida 0 |
BOTTOM OF THE 3RD |
University of Florida Gators batting - Pitching for Arizona State University Sun Devils : RHP Jonathan Powell
|
Batting: RHB Lião Weishampt
|
0-0: Foul Ball, location: 5F 0-1: Ball 1-1: Foul Ball, location: 9LSF 1-2: Ball 2-2: SINGLE (Groundball, 34D, EV 99.4 MPH)
|
Batting: SHB Pat Justice
|
0-0: Bunted foul 0-1: Sac Bunt to 13 - play at first, batter OUT! 1-3 Lião Weishampt to second
|
Batting: LHB Roy Davies
|
0-0: Ball 1-0: Ball 2-0: Called Strike 2-1: Called Strike 2-2: Ball 3-2: Base on Balls
|
Batting: RHB Gong-sun Law
|
0-0: Ball 1-0: SINGLE (Line Drive, 78M, EV 103.8 MPH) Lião Weishampt to third Roy Davies to second
|
Batting: SHB Nelson Carachure
|
0-0: Called Strike 0-1: Foul Ball, location: 5FF 0-2: Ball 1-2: Ball 2-2: Ball 3-2: DOUBLE (Groundball, 3L, EV 107.5 MPH) Lião Weishampt scores Roy Davies scores Gong-sun Law to third Runner from 3rd tries for Home, throw by RF and OUT! 9-4-2 Nelson Carachure to third
|
Batting: RHB Jae-won Kwon
|
0-0: Called Strike 0-1: SINGLE (Groundball, 56D, EV 101.3 MPH) Nelson Carachure scores
|
Batting: RHB Jiao-long Zhào
|
0-0: Ball 1-0: Ball 2-0: Foul Ball, location: 2F 2-1: Foul Ball, location: 9LDF 2-2: Ball 3-2: Strikes out swinging, 2-3 out at first.
|
Bottom of the 3rd over - 3 runs, 4 hits, 0 errors, 1 left on base; Arizona State University 0 - University of Florida 3 |
TOP OF THE 4TH |
Arizona State University Sun Devils batting - Pitching for University of Florida Gators : RHP Jordan Williams
|
Batting: RHB Hervé Papin
|
0-0: Ball 1-0: SINGLE (Line Drive, 3D, EV 106.9 MPH)
|
Batting: LHB Fabio Interlenghi
|
0-0: Ball 1-0: Ball 2-0: Ball 3-0: Called Strike 3-1: Grounds into double play, 4-6-3 (Groundball, 4M, EV 100.0 MPH)
|
Batting: LHB Randy Marquez
|
0-0: Called Strike 0-1: Ball 1-1: Ball 2-1: Hit by Pitch
|
Pinch Runner at 1st Kawenaula Kapali:
|
|
Batting: LHB Timon Giorgiou
|
0-0: Ball 1-0: Called Strike 1-1: Foul Ball, location: 9LMF 1-2: Ground out 4-3 (Groundball, 4, EV 106.3 MPH)
|
Top of the 4th over - 0 runs, 1 hit, 0 errors, 1 left on base; Arizona State University 0 - University of Florida 3 |
BOTTOM OF THE 4TH |
University of Florida Gators batting - Pitching for Arizona State University Sun Devils : RHP Jonathan Powell
|
Now at 1B: Kawenaula Kapali
|
|
Now in LF: Burraga Iukini
|
|
Batting: RHB Conz Laufenberg
|
0-0: Ball 1-0: Ground out 6-3 (Groundball, 6M, EV 103.1 MPH)
|
Batting: RHB Juan Lopez
|
0-0: Called Strike 0-1: Ground out 6-3 (Groundball, 6, EV 91.9 MPH)
|
Batting: RHB Lião Weishampt
|
0-0: Called Strike 0-1: Fly out, F8 (Flyball, 8RXD, EV 110.6 MPH)
|
Bottom of the 4th over - 0 runs, 0 hits, 0 errors, 0 left on base; Arizona State University 0 - University of Florida 3 |
TOP OF THE 5TH |
Arizona State University Sun Devils batting - Pitching for University of Florida Gators : RHP Jordan Williams
|
Batting: RHB Rusty Gee
|
0-0: Called Strike 0-1: Swinging Strike 0-2: Strikes out swinging
|
Batting: RHB Carl Evans
|
0-0: DOUBLE (Line Drive, 7LS, EV 89.4 MPH)
|
Batting: RHB John Burgis
|
0-0: SINGLE (Line Drive, 56, EV 93.8 MPH) Carl Evans to third
|
Batting: LHB Burraga Iukini
|
0-0: Swinging Strike 0-1: Swinging Strike 0-2: Ball 1-2: Strikes out swinging
|
Batting: LHB Eric Russell
|
0-0: Foul Ball, location: 2F 0-1: Foul Ball, location: 3F 0-2: Ground out 4-3 (Groundball, 4, EV 110.6 MPH)
|
Top of the 5th over - 0 runs, 2 hits, 0 errors, 2 left on base; Arizona State University 0 - University of Florida 3 |
BOTTOM OF THE 5TH |
University of Florida Gators batting - Pitching for Arizona State University Sun Devils : RHP Jonathan Powell
|
Batting: SHB Pat Justice
|
0-0: Ball 1-0: Ground out 4-3 (Groundball, 34D, EV 110.0 MPH)
|
Batting: LHB Roy Davies
|
0-0: Swinging Strike 0-1: Fly out, F6 (Popup, 15S, EV 93.1 MPH)
|
Batting: RHB Gong-sun Law
|
0-0: Ball 1-0: Foul Ball, location: 3DF 1-1: Foul Ball, location: 23F 1-2: Ball 2-2: Ball 3-2: Strikes out swinging
|
Bottom of the 5th over - 0 runs, 0 hits, 0 errors, 0 left on base; Arizona State University 0 - University of Florida 3 |
TOP OF THE 6TH |
Arizona State University Sun Devils batting - Pitching for University of Florida Gators : RHP Jordan Williams
|
Batting: RHB Hervé Papin
|
0-0: Ball 1-0: Fly out, F5 (Line Drive, 5L, EV 73.8 MPH)
|
Batting: LHB Fabio Interlenghi
|
0-0: Ball 1-0: Swinging Strike 1-1: Fly out, F8 (Flyball, 8RXD, EV 108.1 MPH)
|
Batting: RHB Kawenaula Kapali
|
0-0: Called Strike 0-1: Foul Ball, location: 7LSF 0-2: Foul Ball, location: 2F 0-2: Strikes out swinging
|
Top of the 6th over - 0 runs, 0 hits, 0 errors, 0 left on base; Arizona State University 0 - University of Florida 3 |
BOTTOM OF THE 6TH |
University of Florida Gators batting - Pitching for Arizona State University Sun Devils : RHP Jonathan Powell
|
Batting: SHB Nelson Carachure
|
0-0: Called Strike 0-1: Foul Ball, location: 5SF 0-2: Ball 1-2: Foul Ball, location: 7LMF 1-2: Ball 2-2: Fly out, F7 (Flyball, 7LMF, EV 91.9 MPH)
|
Pitching: LHP Jamie Treminio
|
|
Batting: RHB Jae-won Kwon
|
0-0: Swinging Strike 0-1: Ball 1-1: Ball 2-1: Ground out 6-3 (Groundball, 6, EV 91.3 MPH)
|
Batting: RHB Jiao-long Zhào
|
0-0: DOUBLE (Line Drive, 7LM, EV 106.3 MPH)
|
Batting: RHB Conz Laufenberg
|
0-0: Ball 1-0: Ground out 4-3 (Groundball, 4, EV 78.1 MPH)
|
Bottom of the 6th over - 0 runs, 1 hit, 0 errors, 1 left on base; Arizona State University 0 - University of Florida 3 |
TOP OF THE 7TH |
Arizona State University Sun Devils batting - Pitching for University of Florida Gators : RHP Jordan Williams
|
Pitching: RHP Jeff Nadeau
|
|
Batting: LHB Timon Giorgiou
|
0-0: Ball 1-0: Foul Ball, location: 2F 1-1: Ball 2-1: Fly out, F8 (Flyball, 78D, EV 92.5 MPH)
|
Batting: RHB Rusty Gee
|
0-0: Ball 1-0: Called Strike 1-1: Ball 2-1: Foul Ball, location: 3F 2-2: Ball 3-2: Ground out 4-3 (Groundball, 4D, EV 100.0 MPH)
|
Batting: RHB Carl Evans
|
0-0: Foul Ball, location: 9LDF 0-1: Swinging Strike 0-2: Strikes out swinging wild pitch, reaches first!
|
Batting: RHB John Burgis
|
0-0: Ball 1-0: Ball 2-0: Called Strike Carl Evans is caught stealing 2nd base 2-4
|
Top of the 7th over - 0 runs, 0 hits, 0 errors, 0 left on base; Arizona State University 0 - University of Florida 3 |
BOTTOM OF THE 7TH |
University of Florida Gators batting - Pitching for Arizona State University Sun Devils : LHP Jamie Treminio
|
Batting: RHB Juan Lopez
|
0-0: Ground out 5-3 (Groundball, 5L, EV 100.0 MPH)
|
Batting: RHB Lião Weishampt
|
0-0: Ball 1-0: Foul Ball, location: 5F 1-1: Ball 2-1: Foul Ball, location: 2F 2-2: Ball 3-2: Base on Balls
|
Batting: SHB Pat Justice
|
0-0: Foul Ball, location: 9LMF 0-1: Ball 1-1: Called Strike 1-2: Strikes out looking
|
Batting: LHB Roy Davies
|
0-0: Ground out 4-3 (Groundball, 4D, EV 94.4 MPH)
|
Bottom of the 7th over - 0 runs, 0 hits, 0 errors, 1 left on base; Arizona State University 0 - University of Florida 3 |
TOP OF THE 8TH |
Arizona State University Sun Devils batting - Pitching for University of Florida Gators : RHP Jeff Nadeau
|
Pitching: LHP Adhamh Lubis
|
|
Batting: RHB John Burgis
|
0-0: Foul Ball, location: 2F 0-1: Ball 1-1: Ball 2-1: Ball 3-1: Called Strike 3-2: Ground out 4-3 (Groundball, 4, EV 80.6 MPH)
|
Batting: LHB Burraga Iukini
|
0-0: Swinging Strike 0-1: Called Strike 0-2: Foul Ball, location: 7LDF 0-2: Strikes out looking
|
Batting: LHB Eric Russell
|
0-0: Ball 1-0: Ball 2-0: Ball 3-0: Called Strike 3-1: Base on Balls
|
Batting: RHB Hervé Papin
|
0-0: Called Strike 0-1: Foul Ball, location: 9LSF 0-2: Ball 1-2: Strikes out swinging
|
Top of the 8th over - 0 runs, 0 hits, 0 errors, 1 left on base; Arizona State University 0 - University of Florida 3 |
BOTTOM OF THE 8TH |
University of Florida Gators batting - Pitching for Arizona State University Sun Devils : LHP Jamie Treminio
|
Batting: RHB Gong-sun Law
|
0-0: Ball 1-0: Ball 2-0: Foul Ball, location: 2F 2-1: Ball 3-1: Base on Balls
|
Batting: SHB Nelson Carachure
|
0-0: Ball 1-0: Foul Ball, location: 9LDF 1-1: Ball 2-1: Ball 3-1: Fly out, F4 (Popup, 34, EV 78.8 MPH)
|
Batting: RHB Jae-won Kwon
|
0-0: Called Strike 0-1: SINGLE (Line Drive, 3L, EV 95.6 MPH) Gong-sun Law to second
|
Batting: RHB Jiao-long Zhào
|
0-0: Called Strike 0-1: Swinging Strike 0-2: Ball 1-2: Strikes out looking
|
Batting: RHB Conz Laufenberg
|
0-0: Ball 1-0: DOUBLE (Groundball, 3L, EV 103.8 MPH) Gong-sun Law scores Jae-won Kwon to third Runner from 3rd tries for Home, throw by RF and OUT! 9-4-2
|
Bottom of the 8th over - 1 run, 2 hits, 0 errors, 1 left on base; Arizona State University 0 - University of Florida 4 |
TOP OF THE 9TH |
Arizona State University Sun Devils batting - Pitching for University of Florida Gators : LHP Adhamh Lubis
|
Pitching: RHP Gwang-sam Choe
|
|
Batting: LHB Fabio Interlenghi
|
0-0: Ball 1-0: Ball 2-0: Called Strike 2-1: Ground out 4-3 (Groundball, 4, EV 86.3 MPH)
|
Pinch Hitting: RHB J.J. Meach
|
0-0: Foul Ball, location: 2F 0-1: Swinging Strike 0-2: Ball 1-2: Ball 2-2: Ball 3-2: Foul Ball, location: 5F 3-2: Foul Ball, location: 2F 3-2: Foul Ball, location: 3DF 3-2: Fly out, F7 (Flyball, 78M, EV 85.6 MPH)
|
Batting: LHB Timon Giorgiou
|
0-0: SINGLE (Line Drive, 7S, EV 106.9 MPH)
|
Batting: RHB Rusty Gee
|
0-0: Ball 1-0: Ball 2-0: Ball 3-0: Called Strike 3-1: Foul Ball, location: 9LSF 3-2: Base on Balls Timon Giorgiou to second
|
Batting: RHB Carl Evans
|
0-0: Ball 1-0: DOUBLE (Flyball, 7LD, EV 101.3 MPH) Timon Giorgiou scores Rusty Gee to third
|
Batting: RHB John Burgis
|
0-0: Ball 1-0: Ball 2-0: Ground out 6-3 (Groundball, 6, EV 81.9 MPH)
|
Top of the 9th over - 1 run, 2 hits, 0 errors, 2 left on base; Arizona State University 1 - University of Florida 4 |
|